 Dungeon Crawl Stone Soup version 0.24.0-123-gd5b16e6ec5 (webtiles) character file.

Game seed: 7069059019286754735, levelgen mode: deterministic

36593 luthanos the Blocker (level 13, -14/82 HPs)
             Began as a Gargoyle Fighter on Jan 16, 2020.
             Demolished by an acid blob (28 damage)
             ... on level 1 of the Pits of Slime on Jan 18, 2020.
             The game lasted 01:00:42 (15493 turns).

luthanos the Blocker (Gargoyle Fighter)            Turns: 15493, Time: 01:00:43

Health: -14/82     AC:  8    Str: 28    XL:     13   Next: 91%
Magic:  10/13      EV: 13    Int:  9    God:
Gold:   523        SH: 20    Dex: 12    Spells: 12/12 levels left

rFire    + . .     SeeInvis +   E - +6 flail (drain)
rCold    + . .     Gourm    .   c - +2 shield
rNeg     + . .     Faith    .   b - +0 scale mail
rPois    ∞         Spirit   .   k - +0 helmet
rElec    +         Reflect  +   B - scarf {rC+ rF+}
rCorr    .         Harm     .   O - +0 pair of gloves
MR       .....                  (no boots)
Stlth    +.........             l - +4 amulet of reflection
HPRegen  0.23/turn              e - +6 ring of strength
MPRegen  0.13/turn              z - ring of see invisible

@: corroded
A: negative energy resistance 1, electricity resistance, unbreathing,
petrification resistance, rot immunity, AC +9
a: no special abilities


You were on level 1 of the Pits of Slime.
You were not hungry.

You visited 3 branches of the dungeon, and saw 17 of its levels.

You collected 861 gold pieces.
You spent 338 gold pieces at shops.

Inventory:

Hand Weapons
 p - a +4 short sword of venom
 E - a +6 flail of draining (weapon)
 P - a +1 hand axe of distortion
Missiles
 y - 52 poisoned darts (quivered)
 A - 8 atropa-tipped darts
 Z - a throwing net
Armour
 b - a +0 scale mail (worn)
 c - a +2 shield (worn)
 k - a +0 helmet (worn)
 B - a scarf of resistance (worn)
 O - a +0 pair of gloves (worn)
Jewellery
 e - a +6 ring of strength (left hand)
 j - an uncursed ring of positive energy {unknown}
 l - a +4 amulet of reflection (around neck)
 n - an uncursed amulet of rage
 u - an uncursed ring of flight
 x - an uncursed ring of fire
 z - a ring of see invisible (right hand)
 T - an uncursed ring of protection from magic {unknown}
Wands
 C - a wand of flame (48)
 J - a wand of clouds (6)
 L - a wand of disintegration (8)
 M - a wand of paralysis (26)
 W - a wand of random effects (18)
Scrolls
 a - 2 scrolls of enchant weapon {unknown}
 g - 4 scrolls of teleportation
 m - 7 scrolls of remove curse
 q - 3 scrolls of fog
 D - 2 scrolls of magic mapping {unknown}
 G - a scroll of blinking {unknown}
 H - 2 scrolls of fear {unknown}
 K - a scroll of random uselessness {unknown}
 S - a scroll of holy word {unknown}
 U - a scroll of vulnerability {unknown}
 V - a scroll of amnesia
 Y - a scroll of silence {unknown}
Potions
 h - a potion of mutation {unknown}
 i - 3 potions of haste
 o - 3 potions of ambrosia {unknown}
 r - 4 potions of agility
 s - 3 potions of flight
 t - 4 potions of curing
 w - a potion of brilliance {unknown}
 F - 2 potions of cancellation {unknown}
 I - a potion of invisibility {unknown}
 N - 2 potions of lignification {unknown}
 Q - a potion of degeneration {unknown}
 X - a potion of resistance
Miscellaneous
 d - a crystal ball of energy
Comestibles
 f - 22 rations


   Skills:
 + Level 10.0 Fighting
 + Level 12.8 Maces & Flails
 + Level 4.4 Throwing
 + Level 8.9 Armour
 + Level 6.2 Dodging
 + Level 2.5 Stealth
 + Level 14.3 Shields
 + Level 0.2 Evocations


You had 12 spell levels left.
You didn't know any spells.
Your spell library contained the following spells:

 Spells                   Type           Power        Failure   Level  Hunger
 Sandblast                Erth           #.....       65%         1    ##.....
 Ensorcelled Hibernation  Hex/Ice        #.....       78%         2    ###....
 Passwall                 Tmut/Erth      #.......     78%         2    ###....
 Stone Arrow              Conj/Erth      #.....       95%         3    ####...
 Petrify                  Tmut/Erth      #.......     100%        4    #####..
 Borgnjor's Vile Clutch   Necr/Erth      #.........   100%        5    ######.
 Lee's Rapid Deconstruct  Erth           #.........   100%        5    ######.
 Silence                  Hex/Air        #.........   100%        5    ######.
 Darkness                 Hex            #.........   100%        6    #######
 Shadow Creatures         Summ           N/A          100%        6    #######


Dungeon Overview and Level Annotations

Branches:
Dungeon (11/15)            Temple (0/1) D:4            Lair (5/6) D:11
 Shoals (0/4) Lair:3        Snake (0/4) Lair:2        Slime (1/5) Lair:5
    Orc: D:9-12

Altars:
Elyvilon
Makhleb
Nemelex Xobeh
Okawaru
Qazlal
Ru
Uskayaw
Yredelemnul
Zin

Shops:
D:6 [   D:7 *   D:8 *?

Annotations:
D:8 2 transporters
Lair:4 exclusion: oklob plant


Innate Abilities, Weirdness & Mutations

You are resistant to torment.
Your stone body is resilient. (AC +9)
You are immune to poison.
You resist negative energy. (rN+)
You are resistant to electric shocks. (rElec)
You can survive without breathing.
You are immune to petrification.
You are immune to rotting.


Message History

The acid blob quivers.
You sock the great orb of eyes!
You kill the great orb of eyes!
The acid blob spits acid at you.
The splash of acid hits you but does no damage.
The acid corrodes you!
You are splashed with acid!
You feel less confused. The acid blob spits acid at you.
The splash of acid hits you but does no damage.
The acid corrodes you!
You are splashed with acid!
You block the acid blob's attack.
You hit the acid blob but do no damage. You drain the acid blob.
The acid corrodes you!
Your hands burn!
The acid blob is lightly wounded.
The acid blob hits you!!
* * * LOW HITPOINT WARNING * * *
The acid corrodes you!
You are splashed with acid!
* * * LOW HITPOINT WARNING * * *
You feel better. The acid blob hits you!!
You die...

#.........><.^.....
##.....#.........#...
....#####............
......#.#.#....#......
...............#..#...
.#...................
.....................
#.....J............
#.....@...........
##.##........##..#
##......## ###
#.......# #.....#.##
#.......## ..#.#....#
...##...## .# ##.##


You could see an acid blob.

Vanquished Creatures
  An azure jelly (Slime:1)
  2 entropy weavers (Lair:4)
  Snorg (D:10)
  A great orb of eyes (Slime:1)
  4 hydras
  Harold (D:8)
  A queen ant (Lair:4)
  Urug (D:10)
  An unseen horror (D:11)
  The ghost of fritzmikael the Skirmisher, a novice OgNe (D:5)
  Pikel (D:6)
  A deep elf mage (D:9)
  A shining eye (Slime:1)
  A merfolk siren (Lair:3)
  4 black mambas
  6 elephants (Lair:5)
  A spiny frog (Lair:1)
  5 komodo dragons
  A polar bear (D:9)
  A troll (D:6)
  Grinder (D:3)
  Prince Ribbit (D:8)
  5 blink frogs
  6 slime creatures (Slime:1)
  A hornet (D:8)
  2 hippogriffs (Lair:4)
  Sigmund (D:2)
  A human (D:7)
  2 wyverns
  Eustachio (D:4)
  36 yaks
  4 hogs (D:7)
  2 basilisks (Lair:3)
  Menkaure (D:6)
  2 nagas (Lair:2)
  Edmund (D:6)
  6 soldier ants (Lair:4)
  7 water moccasins
  3 porcupines
  Duvessa (D:4)
  A slave (D:6)
  A black bear (D:10)
  An orc warrior (D:10)
  4 eyes of draining
  6 ice beasts
  A necrophage (D:8)
  2 phantoms
  2 sky beasts
  3 ogres
  9 wolves
  A centaur (D:6)
  2 big kobolds
  5 crocodiles
  8 bullfrogs
  Dowan (D:4)
  6 scorpions
  10 killer bees
  2 howler monkeys
  6 crimson imps
  A wyvern simulacrum (D:9)
  9 hounds
  2 quasits
  15 jellies
  9 orc wizards
  Crazy Yiuf (D:4)
  A water moccasin simulacrum (D:9)
  A centaur skeleton (D:4)
  3 iguanas
  Natasha (thrice) (D:3)
  26 worker ants
  A hound zombie (D:6)
  A worker ant zombie (D:7)
  A howler monkey skeleton (D:8)
  14 adders
  A shadow imp (D:8)
  7 white imps (D:9)
  2 ufetubi (D:9)
  3 oozes
  2 worms (D:2)
  An adder simulacrum (D:9)
  3 leopard geckos
  37 orcs
  4 bats (D:1)
  7 giant cockroaches
  6 goblins
  5 hobgoblins
  6 jackals
  24 kobolds
  6 quokkas
  3 ball pythons
  2 ball python skeletons (D:4)
  4 frilled lizards
  A jackal simulacrum (D:9)
  A leopard gecko zombie (D:7)
  A quokka skeleton (D:4)
  8 rats
  5 fungi
418 creatures vanquished.

Vanquished Creatures (others)
  A centaur (D:8)
  A big kobold (D:10)
  A kobold (D:1)
  A rat (D:1)
  6 fungi
  6 plants
16 creatures vanquished.

Grand Total: 434 creatures vanquished

Notes
Turn   | Place    | Note
-------+----------+-------------------------------------------
     0 | D:1      | luthanos the Gargoyle Fighter began the quest for the Orb.
     0 | D:1      | Reached XP level 1. HP: 14/14 MP: 1/1
   121 | D:1      | Reached XP level 2. HP: 17/19 MP: 2/2
   459 | D:1      | Reached XP level 3. HP: 23/23 MP: 3/3
  1169 | D:2      | Reached XP level 4. HP: 25/29 MP: 4/4
  1259 | D:2      | Found a basalt altar of Yredelemnul.
  1393 | D:2      | Noticed Sigmund
  1403 | D:2      | Killed Sigmund
  1403 | D:2      | Reached skill level 4 in Shields
  1403 | D:2      | Reached XP level 5. HP: 30/33 MP: 5/5
  1403 | D:2      | Reached XP level 6. HP: 35/38 MP: 6/6
  2030 | D:3      | Noticed Grinder
  2035 | D:3      | Noticed Natasha
  2046 | D:3      | Reached skill level 5 in Shields
  2059 | D:3      | Killed Grinder
  2059 | D:3      | Reached skill level 1 in Dodging
  2059 | D:3      | Reached XP level 7. HP: 37/43 MP: 7/7
  2063 | D:3      | Killed Natasha
  2082 | D:3      | Found an iron altar of Okawaru.
  2176 | D:3      | Noticed Natasha
  2186 | D:3      | Killed Natasha
  2186 | D:3      | Reached skill level 5 in Maces & Flails
  2339 | D:3      | Noticed Natasha
  2349 | D:3      | Killed Natasha
  2574 | D:4      | Noticed Eustachio
  2642 | D:4      | Killed Eustachio
  2642 | D:4      | Reached skill level 6 in Shields
  2861 | D:4      | Found a runed translucent door.
  2862 | D:4      | Noticed Crazy Yiuf
  2919 | D:4      | Reached skill level 1 in Throwing
  2928 | D:4      | Reached XP level 8. HP: 25/48 MP: 8/8
  3247 | D:4      | Found a white marble altar of Elyvilon.
  3302 | D:4      | Noticed Duvessa
  3302 | D:4      | Noticed Dowan
  3314 | D:4      | Killed Duvessa
  3329 | D:4      | Killed Dowan
  3540 | D:4      | Found a staircase to the Ecumenical Temple.
  3587 | D:4      | Found a burning altar of Makhleb.
  3609 | D:4      | Reached skill level 7 in Shields
  3751 | D:4      | Killed Crazy Yiuf
  3800 | D:5      | Entered Level 5 of the Dungeon
  3821 | D:5      | Found a stormy altar of Qazlal.
  3826 | D:5      | Found an iron altar of Okawaru.
  3826 | D:5      | Found a sacrificial altar of Ru.
  3873 | D:5      | Found a hide-covered altar of Uskayaw.
  3873 | D:5      | Found a glowing silver altar of Zin.
  3998 | D:5      | Found a runed translucent gate.
  3998 | D:5      | Found a runed translucent gate.
  3998 | D:5      | Found a runed translucent gate.
  3998 | D:5      | Noticed fritzmikael's ghost (novice OgNe)
  4035 | D:5      | Killed fritzmikael's ghost
  4035 | D:5      | Reached skill level 5 in Armour
  4035 | D:5      | Reached XP level 9. HP: 33/53 MP: 9/9
  4479 | D:5      | Reached skill level 5 in Fighting
  5214 | D:6      | Found Lyhuocle's Antique Armour Boutique.
  5237 | D:6      | Reached skill level 8 in Shields
  5265 | D:6      | Bought a runed scarf for 224 gold pieces
  5298 | D:6      | Noticed a troll
  5366 | D:6      | Killed a troll
  5547 | D:6      | Noticed Pikel
  5588 | D:6      | Killed Pikel
  5868 | D:6      | Noticed Menkaure
  5894 | D:6      | Killed Menkaure
  5948 | D:6      | Reached XP level 10. HP: 41/60 MP: 10/10
  6235 | D:6      | Noticed Edmund
  6247 | D:6      | Reached skill level 9 in Shields
  6261 | D:6      | Killed Edmund
  6482 | D:7      | Got a scorched granite ring
  6484 | D:7      | Identified the cursed ring "Xissug" {rF- Str-2 Int+4} (You
                  | found it on level 7 of the Dungeon)
  6520 | D:7      | Found Douprous's Assorted Antiques.
  6968 | D:8      | Noticed Harold
  6988 | D:8      | Killed Harold
  7013 | D:8      | Found Yhur's Magic Scroll Shoppe.
  7020 | D:8      | Bought a scroll of identify for 28 gold pieces
  7020 | D:8      | Bought a scroll of identify for 28 gold pieces
  7294 | D:8      | Reached skill level 10 in Shields
  7387 | D:8      | Found Decwoph's Assorted Antiques.
  7393 | D:8      | Bought a scroll of identify for 58 gold pieces
  7404 | D:8      | Noticed Prince Ribbit
  7421 | D:8      | Killed Prince Ribbit
  7426 | D:8      | Found a transporter.
  7491 | D:8      | Found a transporter.
  7497 | D:8      | Noticed a glowing orange brain
  7517 | D:8      | Reached XP level 11. HP: 66/66 MP: 11/11
  8264 | D:9      | Reached skill level 10 in Maces & Flails
  8424 | D:9      | Noticed a deep elf mage
  8426 | D:9      | Found a sparkling altar of Nemelex Xobeh.
  8431 | D:9      | Killed a deep elf mage
  8431 | D:9      | Reached skill level 11 in Shields
  8534 | D:10     | Entered Level 10 of the Dungeon
  8563 | D:10     | Noticed Snorg
  8595 | D:10     | Killed Snorg
  9034 | D:10     | Noticed Urug
  9052 | D:10     | Killed Urug
  9712 | D:11     | Reached skill level 5 in Dodging
  9719 | D:11     | Reached skill level 1 in Stealth
  9743 | D:11     | Noticed an unseen horror
  9751 | D:11     | Killed an unseen horror
  9757 | D:11     | Noticed a seven-headed hydra
  9768 | D:11     | Killed a seven-headed hydra
  9768 | D:11     | Reached skill level 12 in Shields
  9768 | D:11     | Reached XP level 12. HP: 52/72 MP: 12/12
  9991 | D:11     | Noticed a five-headed hydra
 10005 | D:11     | Killed a five-headed hydra
 10113 | D:11     | Found a staircase to the Lair.
 10125 | Lair:1   | Entered Level 1 of the Lair of Beasts
 11469 | Lair:2   | Found a staircase to the Snake Pit.
 11814 | Lair:2   | Noticed a seven-headed hydra
 11826 | Lair:2   | Killed a seven-headed hydra
 12363 | Lair:3   | Noticed a seven-headed hydra
 12371 | Lair:3   | Killed a seven-headed hydra
 12371 | Lair:3   | Reached skill level 13 in Shields
 12442 | Lair:3   | Found a staircase to the Shoals.
 12482 | Lair:3   | Found a sparkling altar of Nemelex Xobeh.
 12983 | Lair:3   | Reached XP level 13. HP: 80/80 MP: 13/13
 13896 | Lair:4   | Noticed an entropy weaver
 13896 | Lair:4   | Noticed an entropy weaver
 14284 | Lair:4   | Killed an entropy weaver
 14682 | Lair:4   | Killed an entropy weaver
 15004 | Lair:5   | Reached skill level 14 in Shields
 15056 | Lair:5   | Found a staircase to the Slime Pits.
 15178 | Slime:1  | Entered Level 1 of the Pits of Slime
 15186 | Slime:1  | Noticed an azure jelly
 15200 | Slime:1  | Killed an azure jelly
 15448 | Slime:1  | Reached skill level 10 in Fighting
 15474 | Slime:1  | Noticed a great orb of eyes
 15485 | Slime:1  | Noticed an acid blob
 15486 | Slime:1  | Killed a great orb of eyes
 15493 | Slime:1  | Demolished by an acid blob

Levels and vault maps discovered:
D:1:      saegor_arrival_simple_a, layout_loops_corners
D:2:      layout_basic, yredelemnul_altar_generic, uniq_sigmund
D:3:      layout_basic, okawaru_metal_pillars_3, uniq_natasha, uniq_grinder
D:4:      layout_gridville, elyvilon_altar_1, makhleb_blood_cavern_becter,
          lemuel_temple_firewalk_b, first_ration, uniq_eustachio,
          uniq_crazy_yiuf_cottage, uniq_duvessa
D:5:      layout_basic, grunt_temple_overflow_open, ebering_ghost_rock_garden
D:6:      layout_cave_pods, serial_shops, nicolae_shop_overgrown_old_shop,
          chequers_serial_rivers_micro_e, uniq_menkaure, uniq_edmund, uniq_pikel
D:7:      layout_cave_pools, serial_shops, shop, grunt_livestock
D:8:      gammafunk_jiyva_shrine, layout_basic, serial_shops, shop,
          kennysheep_small_square, uniq_harold, uniq_prince_ribbit1
D:9:      minmay_razor_zed, layout_grid_maze, nemelex_xobeh_ov_fountains_minmay,
          serial_ice, serial_ice_g, serial_ice_n, serial_ice_o, serial_ice_j,
          serial_ice_h, serial_ice_m, serial_ice_e, serial_ice_d, serial_ice_b,
          serial_ice_a, st_stairs_3
D:10:     layout_basic, uniq_urug, uniq_snorg
D:11:     layout_gridville, david_lair_shrubbed, uniq_gastronok, uniq_psyche
Lair:1:   layout_long_grid, nicolae_quartered_pool_little, lemuel_fruit_tree,
          serial_bayou_shore_b, serial_bayou_shore_a
Lair:2:   layout_regular_city, guppyfry_snake_entry_garden, st_stairs_6,
          minmay_lindwurm_lava
Lair:3:   layout_chaotic_city, minmay_shoals_entry_lonely_mermaid, basic_altar,
          serial_rivers, chequers_serial_rivers_micro_e,
          chequers_serial_rivers_marsh, chequers_serial_rivers_room_a,
          chequers_serial_rivers_micro_d, chequers_serial_rivers_micro_d,
          chequers_serial_rivers_micro_c, beast_lair_carwin_10
Lair:4:   layout_misc_corridors, minmay_another_anthill,
          minmay_lair_oklob_chamber
Lair:5:   layout_loops_ring, minmay_slime_entry_jelly_boxes
Slime:1:  layout_caves

Skill      XL: |  1  2  3  4  5  6  7  8  9 10 11 12 13 |
---------------+----------------------------------------+-----
Maces & Flails | 3 4 5 6 8 9 10 11 12 | 12.8
Fighting       | 4 5 6 7 9 10 | 10.0
Shields        | 4 5 6 7 8 10 12 13 14 | 14.3
Armour         | 4 5 6 7 8 |  8.9
Dodging        | 1 2 3 4 5 6 |  6.2
Throwing       | 1 2 3 4 |  4.4
Stealth        | 1 2 |  2.5
Evocations     | |  0.2

Action                   |  1- 3 |  4- 6 |  7- 9 | 10-12 | 13-15 || total
-------------------------+-------+-------+-------+-------+-------++-------
Melee: Flail             |   128 |   104 |   378 |   729 |   461 ||  1800
Throw: Dart              |     4 |     4 |    38 |    45 |     2 ||    93
 Abil: Evoke Berserk Rag |       |       |     1 |       |       ||     1
  Use: Scroll            |       |       |     9 |    10 |     1 ||    20
       Potion            |       |       |       |     4 |     1 ||     5
  Eat: Chunk             |       |     2 |       |     4 |       ||     6
       Ration            |       |     1 |     4 |     5 |     3 ||    13
Armor: Scale mail        |    52 |    37 |   209 |   221 |   108 ||   627
Dodge: Dodged            |    34 |    20 |   177 |   248 |   127 ||   606
Block: Shield            |   109 |    99 |   430 |   745 |   401 ||  1784
       Reflection        |    12 |       |     3 |    25 |     1 ||    41
